 Dungeon Sprint DCSS version 0.30-a0-862-g1aabd4f9c5 (webtiles) character file.

Game seed: 14406084357749764764

5371 dialectric the Ninja (level 10, -19/58 HPs)
             Began as a Spriggan Brigand on Mar 8, 2023.
             Was a Believer of Jiyva.
             Shot with an arrow by a centaur warrior (24 damage)
             ... in the Dungeon (Sprint II: "The Violet Keep of Menkaure").
             The game lasted 00:08:19 (850 turns).

dialectric the Ninja (Spriggan Brigand)              Turns: 850, Time: 00:08:20

Health: -19/58     AC:  3    Str: 15    XL:     10   Next: 39%
Magic:  11/11      EV: 27    Int: 13    God:    Jiyva [**....]
Gold:   125        SH:  0    Dex: 19    Spells: 9/9 levels left

rFire   . . .      SeeInvis +    e - +2 dagger (drain)
rCold   . . .      Faith    .    (no shield)
rNeg    + . .      Spirit   .    b - +0 robe
rPois   .          Reflect  .    (helmet restricted)
rElec   .          Rampage  .    c - +0 cloak
rCorr   +          NoTele   +    (gloves unavailable)
Will    +....                    (boots unavailable)
Stlth   ++++++++++               (no amulet)
HPRegen 1.25/turn                w - ring "Ycuastroj" {rN+ Str+6 SInv}
MPRegen 0.42/turn                (no ring)

@: very quick
A: very small, no large weapons, unfitting armour, see invisible, speed 3
a: Renounce Religion


You were in the Dungeon.
You worshipped Jiyva.
Jiyva was pleased with you.
You visited 1 branch You collected 1134 gold pieces.
You spent 1009 gold pieces at shops.

Inventory:

Hand Weapons
 a - a +2 dagger
 e - a +2 dagger of draining (weapon)
Missiles
 d - a poisoned dart (quivered)
Armour
 b - a +0 robe (worn)
 c - a +0 cloak (worn)
 u - a +0 cloak
Jewellery
 w - the ring "Ycuastroj" (left hand) {rN+ Str+6 SInv}
   (You bought it in a shop in the Dungeon)

   [ring of see invisible]

   Str:       It affects your strength (+6).
   rN:        It protects you from negative energy.
   SInv:      It lets you see invisible.
Scrolls
 h - a scroll of fog
 j - 2 scrolls of identify {unknown}
 l - a scroll of poison {unknown}
 o - a scroll of butterflies {unknown}
 p - 4 scrolls of magic mapping {unknown}
 q - a scroll of amnesia {unknown}
 t - a scroll of blinking
 v - a scroll of immolation {unknown}
Potions
 f - 2 potions of might {unknown}
 g - 2 potions of heal wounds
 i - 5 potions of magic
 k - 2 potions of lignification
 m - 3 potions of flight
 n - 6 potions of curing
 r - 2 potions of resistance
 s - a potion of haste


   Skills:
 + Level 9.0 Fighting
 + Level 10.5 Short Blades
 - Level 2.0 Throwing
 + Level 12.6 Dodging
 O Level 27 Stealth


You had 9 spell levels left.
You didn't know any spells.
Your spell library was empty.

Dungeon Overview and Level Annotations

Branches:
Dungeon (1/1)

Altars:
Cheibriados
Dithmenos
Elyvilon
Fedhas
Gozag
Hepliaklqana
Kikubaaqudgha
Makhleb
Nemelex Xobeh
Okawaru
Qazlal
Ru
Sif Muna
Trog
Uskayaw
Vehumet
Wu Jian
Xom
Yredelemnul
Zin
The Shining One
Jiyva
Lugonu

Shops:
D [*:!(?(:[[=(:=!

Annotations:
D exclusion: oklob plant, Roxanne


Innate Abilities, Weirdness & Mutations

You are very small and have problems with some larger weapons.
You are too small for most types of armour.
You have supernaturally acute eyesight. (SInv)
You cover ground extremely quickly. (Speed+++)


Message History

There is an open door, spattered with blood here.
A polar bear comes into view.
There is an open door here.
You enter the shallow water.
Moving in this stuff is going to be slow.
There is an open door here.
There is an entrance to Kycimomp's Distillery here.
There is an entrance to Vahuymn's Jewellery Shoppe here.
There is an entrance to Zeett's Weapon Emporium here.
e - a +2 dagger of draining Thank you for shopping at Zeett's Weapon Emporium!
You sense an unholy aura.
e - a +2 dagger of draining (weapon)
Unknown command.
There is an entrance to Modghiegu's Jewellery Shoppe here.
Throw: 2 darts (poison)
Press: ? - help, Q - select action Shift-Dir - straight line, f - polar bear
Aim: a polar bear (wandering, hasn't noticed you, 72% to hit)
You throw a poisoned dart. The poisoned dart hits the polar bear.
The polar bear is poisoned.
The centaur warrior wields a +0 shortbow.
The centaur warrior shoots an arrow.
The arrow barely misses you.
Unknown command.
There is a fountain of clear blue water here.
You hit the polar bear but do no damage.
The polar bear completely misses you. The polar bear claws you.
The polar bear misses you.
The centaur warrior shoots an arrow.
The arrow completely misses you.
You closely miss the polar bear.
The centaur warrior shoots an arrow.
The arrow hits you!!
* * * LOW HITPOINT WARNING * * *
You closely miss the polar bear. The polar bear misses you. x3
You hit the polar bear but do no damage.
The polar bear is lightly wounded.
The centaur warrior shoots an arrow.
The arrow hits you.
* * * LOW HITPOINT WARNING * * *
Unknown command.
There is an entrance to Modghiegu's Jewellery Shoppe here.
The centaur warrior shoots an arrow.
The arrow hits you!!
You die...

####. '≈≈§§≈≈≈≈≈≈≈#
#...####≈≈≈SSS≈§≈#
#$))c.~##≈SSYSSS#
############~~#+.+#JJ+##
###########~~~..~...§§§#
##........#~~~~.##'##J.#
##....⌠...#~~~~##..###.##
##...∩h∩..#~~~~#..##.#...
##..∩.∩.@.#~~####.#.####.
##.∩.∩c..∩#~##.###'###.##
##∩.∩...∩.#~##..##.##...#
##.∩÷....∩'~'##.'.<.'###'
##∩.......#~#.#.##.##...#
#▓▓▓▓▓▓▓###~##.###'###.##
##?.s######~~####.#.####~
#!$.#l. ##~~~#..#..#~~~
#∩PH+.!#+ #'#~###.###~~~


You could see a centaur warrior, a polar bear (poisoned) and a redback
(wandering).

Vanquished Creatures
  Kirke (D)
  A yaktaur captain (D)
  2 boulder beetles (D)
  A skeletal warrior (D)
  A kobold demonologist (D)
  A yaktaur (D)
  2 polar bears (D)
  4 neqoxecs (D)
  2 water moccasins (D)
  5 scorpions (D)
  3 worms (D)
23 creatures vanquished.

Vanquished Creatures (others)
  An eye of devastation (D)
  2 orc sorcerers (D)
  A polar bear (D)
  3 slime creatures (D)
  Menkaure (D)
  2 water moccasins (D)
  2 swamp drakes (D)
  11 jellies (D)
  4 tentacles (D)
27 creatures vanquished.

Grand Total: 50 creatures vanquished

Notes
Turn   | Place    | Note
-------+----------+-------------------------------------------
     0 | D        | dialectric the Spriggan Brigand began the quest for the
                  | Orb.
     0 | D        | Reached XP level 1. HP: 10/10 MP: 2/2
     1 | D        | Noticed a scorpion
     1 | D        | Noticed a scorpion
     1 | D        | Noticed a scorpion
     1 | D        | Noticed a scorpion
    10 | D        | Killed a scorpion
    11 | D        | Reached skill level 11 in Stealth
    11 | D        | Reached XP level 2. HP: 16/16 MP: 3/3
    11 | D        | Reached XP level 3. HP: 19/19 MP: 4/4
    16 | D        | Killed a scorpion
    17 | D        | Reached skill level 13 in Stealth
    17 | D        | Reached XP level 4. HP: 23/23 MP: 5/5
    19 | D        | Killed a scorpion
    20 | D        | Reached skill level 15 in Stealth
    20 | D        | Reached XP level 5. HP: 28/28 MP: 6/6
    26 | D        | Killed Menkaure
    28 | D        | Reached skill level 16 in Stealth
    36 | D        | Noticed Roxanne
    42 | D        | Noticed a neqoxec
    42 | D        | Noticed a neqoxec
    42 | D        | Noticed a neqoxec
    42 | D        | Noticed a neqoxec
    47 | D        | Noticed a water moccasin
    49 | D        | Noticed a boulder beetle
    49 | D        | Noticed a boulder beetle
    52 | D        | Killed a boulder beetle
    53 | D        | Reached skill level 5 in Fighting
    53 | D        | Reached skill level 5 in Dodging
    53 | D        | Reached skill level 21 in Stealth
    53 | D        | Reached XP level 6. HP: 35/35 MP: 7/7
    53 | D        | Reached XP level 7. HP: 39/39 MP: 8/8
    55 | D        | Killed a boulder beetle
    56 | D        | Reached skill level 23 in Stealth
    56 | D        | Reached XP level 8. HP: 44/44 MP: 9/9
    84 | D        | Found Vahuymn's Jewellery Shoppe.
    84 | D        | Found Kycimomp's Distillery.
   121 | D        | Found a stormy altar of Qazlal.
   122 | D        | Found a hazy altar of Hepliaklqana.
   122 | D        | Found a sacrificial altar of Ru.
   122 | D        | Found an ornate altar of the Wu Jian Council.
   123 | D        | Found a viscous altar of Jiyva.
   123 | D        | Found a shimmering blue altar of Sif Muna.
   123 | D        | Found a shimmering altar of Xom.
   124 | D        | Found a glowing golden altar of the Shining One.
   124 | D        | Found a basalt altar of Yredelemnul.
   126 | D        | Found a snail-covered altar of Cheibriados.
   126 | D        | Found an ancient bone altar of Kikubaaqudgha.
   126 | D        | Found a bloodstained altar of Trog.
   127 | D        | Found a shadowy altar of Dithmenos.
   127 | D        | Found a corrupted altar of Lugonu.
   128 | D        | Found a white marble altar of Elyvilon.
   128 | D        | Found a burning altar of Makhleb.
   129 | D        | Found a blossoming altar of Fedhas.
   131 | D        | Found an opulent altar of Gozag.
   131 | D        | Found a hide-covered altar of Uskayaw.
   131 | D        | Found a sparkling altar of Nemelex Xobeh.
   132 | D        | Found a glowing silver altar of Zin.
   132 | D        | Found a radiant altar of Vehumet.
   132 | D        | Found an iron altar of Okawaru.
   135 | D        | Became a worshipper of Jiyva Jacesh the Shapeless
   145 | D        | Noticed a kraken
   250 | D        | Reached * piety under Jiyva
   257 | D        | Noticed a yaktaur
   257 | D        | Noticed a hornet
   257 | D        | Noticed a polar bear
   280 | D        | Reached skill level 24 in Stealth
   286 | D        | Reached skill level 25 in Stealth
   286 | D        | Reached XP level 9. HP: 42/48 MP: 10/10
   291 | D        | Found Decer's Book Shoppe.
   291 | D        | Found Zeett's Weapon Emporium.
   291 | D        | Found Pugehue's Antique Armour Shoppe.
   291 | D        | Found Modghiegu's Jewellery Shoppe.
   292 | D        | Found Kerua's Armour Shoppe.
   292 | D        | Found Kakluymi's Book Emporium.
   293 | D        | Found Beud's Antique Weapon Shoppe.
   293 | D        | Found Ynakog's Magic Scroll Emporium.
   308 | D        | Found Arir's Weapon Shoppe.
   308 | D        | Found Amiokk's Distillery.
   308 | D        | Noticed an oklob plant
   309 | D        | Found Ujoi's Antique Armour Emporium.
   309 | D        | Found Asacvoby's General Store.
   309 | D        | Found Vaciripp's Book Shoppe.
   311 | D        | Noticed a manticore
   320 | D        | Reached ** piety under Jiyva
   320 | D        | Noticed a manticore
   320 | D        | Noticed a manticore
   325 | D        | Bought 2 potions of curing for 60 gold pieces
   326 | D        | Bought a scroll of fog for 48 gold pieces
   371 | D        | Noticed a death drake
   396 | D        | Noticed a polar bear
   453 | D        | Killed a polar bear
   498 | D        | Bought the ring "Ycuastroj" {rN+ Str+6 SInv} for 465 gold
                  | pieces
   505 | D        | Bought a potion of haste for 100 gold pieces
   505 | D        | Bought a potion of curing for 30 gold pieces
   511 | D        | Bought a potion of heal wounds for 55 gold pieces
   580 | D        | Bought a potion of flight for 33 gold pieces
   589 | D        | Noticed an elephant
   589 | D        | Noticed a centaur warrior
   589 | D        | Noticed Kirke
   589 | D        | Noticed a kobold demonologist
   589 | D        | Noticed a yaktaur captain
   589 | D        | Noticed a skeletal warrior
   591 | D        | Killed a skeletal warrior
   592 | D        | Reached skill level 26 in Stealth
   593 | D        | Killed Kirke
   594 | D        | Reached skill level 10 in Dodging
   594 | D        | Reached skill level 27 in Stealth
   594 | D        | Reached XP level 10. HP: 56/56 MP: 11/11
   594 | D        | Killed a yaktaur captain
   595 | D        | Reached skill level 10 in Short Blades
   607 | D        | Killed an orc sorcerer
   747 | D        | Killed an orc sorcerer
   841 | D        | Bought a +2 dagger of draining for 218 gold pieces
   848 | D        | Killed an eye of devastation
   850 | D        | Shot with an arrow by a centaur warrior

Illustrated notes

Levels and vault maps discovered:
D:        the_violet_keep_of_menkaure [sprint2_stairs_cluster_1,
          sprint2_shoproom, sprint2_temple, sprint2_basic_supplies,
          sprint2_obstacle_6, sprint2_obstacle_5, sprint2_obstacle_7,
          sprint2_obstacle_2, sprint2_obstacle_3, sprint2_timed_cluster_1,
          sprint2_smallroom_cluster_1, sprint2_smallroom_final_cluster_1,
          sprint2_transparent_cluster_1, sprint2_second_timed_cluster_1,
          sprint2_sniper_area_1, sprint2_heavy_combat_area_1,
          sprint2_mutation_trap_area_1, sprint2_forest_area_1,
          sprint2_light_combat_area_1, sprint2_behind_water_1,
          sprint2_near_end_vault_1]

Skill      XL: |  1  2  3  4  5  6  7  8  9 10 |
---------------+-------------------------------+-----
Fighting       | 2 3 5 6 7 9 |  9.0
Short Blades   | 3 4 6 7 8 9 10 | 10.5
Dodging        | 2 3 5 6 7 10 12 | 12.6
Stealth        | 11 13 15 21 23 25 27 | 27.0
Throwing       | |  2.0

Action                     |  1- 3 |  4- 6 |  7- 9 | 10-12 || total
---------------------------+-------+-------+-------+-------++-------
  Melee: Dagger            |    14 |    10 |    52 |    70 ||   146
         Punch             |       |       |     3 |     1 ||     4
  Throw: Dart              |       |     1 |    10 |    16 ||    27
    Use: Potion            |     1 |     1 |     4 |     1 ||     7
         Scroll            |       |       |     1 |       ||     1
   Stab: Sleeping          |       |     1 |    12 |     2 ||    15
 Armour: Robe              |       |       |     3 |     3 ||     6
         Skin              |       |       |       |     1 ||     1
  Dodge: Dodged            |     8 |     5 |    44 |    73 ||   130

Table legend: (Time is in decaauts)
 A = Elapsed time spent in this place.
 B = Non-inter-level travel time spent in this place.
 C = Inter-level travel time spent in this place.
 D = Time resting spent in this place.
 E = Time spent auto-exploring this place.
 F = Levels seen in this place.
 G = Mean time per level.
                   A        B        C        D        E       F      G
               +--------+--------+--------+--------+--------+-----+--------+
         Total |    623 |    623 |      0 |    109 |     30 |   1 |  623.0 |
       Dungeon |    623 |    623 |      0 |    109 |     30 |   1 |  623.0 |
               +--------+--------+--------+--------+--------+-----+--------+

Top non-repeatable levels by time:
       D: 623 daAuts
